NYP
TRI-CITY VALLEYCATS @ MAHONING VALLEY SCRAPPERS
08/23/2045
 
TOP OF THE 1ST
Tri-City ValleyCats batting - Pitching for Mahoning Valley Scrappers : RHP Rafael Borja
Pitching: RHP Rafael Borja
Batting: LHB Lou Toth 0-0: Foul Ball, location: 2F
0-1: Ball
1-1: Foul Ball, location: 2F
1-2: Ball
2-2: Ground out 1-3 (Groundball, P, EV 71.2 MPH)
Batting: RHB Sam Spohn 0-0: Swinging Strike
0-1: SINGLE (Flyball, 89S, EV 86.9 MPH)
Batting: RHB Ryan Salas Balk!
Sam Spohn to second
0-0: Swinging Strike
0-1: Ball
1-1: Ball
2-1: SINGLE (Groundball, 56S, EV 76.9 MPH) (infield hit)
Sam Spohn to third
Batting: RHB Chris McGrath 0-0: Reached on error, E6 (Groundball, P, EV 88.8 MPH)
Sam Spohn scores
Ryan Salas to third
Batting: RHB Masaru Konno 0-0: Called Strike
0-1: Called Strike
0-2: Ball
1-2: Reached on error, E6 (Groundball, 6, EV 105.6 MPH)
Ryan Salas scores
Chris McGrath scores
Batting: LHB Jackson Trottier 0-0: Called Strike
Masaru Konno steals 3rd base
0-1: Foul Ball, location: 2F
0-2: Ball
1-2: Foul Ball, location: 2F
1-2: Ground out 6-3 (Groundball, 6M, EV 81.2 MPH)
Masaru Konno scores
Batting: RHB Jorge Gutierrez 0-0: Foul Ball, location: 2F
0-1: Ball
1-1: Ball
2-1: Foul Ball, location: 2F
2-2: Ball
3-2: Base on Balls
Batting: RHB Workneh Lagat 0-0: Ball
Jorge Gutierrez steals 2nd base
1-0: Foul Ball, location: 2F
1-1: Foul Ball, location: 2F
1-2: Ball
2-2: Ball
3-2: SINGLE (Groundball, 25, EV 68.1 MPH) (infield hit)
Jorge Gutierrez to third
Batting: RHB Bobby Dunn 0-0: Foul Ball, location: 2F
0-1: Fly out, F8 (Flyball, 8RS, EV 87.5 MPH)
Top of the 1st over - 4 runs, 3 hits, 2 errors, 2 left on base; Tri-City 4 - Mahoning Valley 0
BOTTOM OF THE 1ST
Mahoning Valley Scrappers batting - Pitching for Tri-City ValleyCats : RHP Jon Davis
Pitching: RHP Jon Davis
Batting: RHB Jorge Valles 0-0: Ball
1-0: Ball
2-0: Ball
3-0: Base on Balls
Batting: RHB Jonathan Underhill 0-0: Called Strike
0-1: Ball
1-1: Ball
2-1: SINGLE (Groundball, 56D, EV 101.2 MPH)
Jorge Valles to second
Batting: RHB Mike Sims 0-0: Ball
1-0: Called Strike
1-1: Foul Ball, location: 2F
1-2: Foul Ball, location: 2F
1-2: Ball
2-2: Ball
3-2: Base on Balls
Jorge Valles to third
Jonathan Underhill to second
Batting: SHB Charlie Diesel 0-0: Ball
1-0: Ball
2-0: Foul Ball, location: 2F
2-1: Ball
3-1: Foul Ball, location: 2F
3-2: Foul Ball, location: 2F
3-2: Foul Ball, location: 2F
3-2: Foul Ball, location: 2F
3-2: Base on Balls
Jorge Valles scores
Jonathan Underhill to third
Mike Sims to second
Batting: LHB Tommy Williams 0-0: Ball
1-0: Swinging Strike
1-1: Ball
2-1: Fielders Choice at 2nd, 3-6 (Groundball, 34, EV 100.6 MPH)
Jonathan Underhill scores
Mike Sims to third
Batting: RHB Santos Guadalupe 0-0: Ball
Tommy Williams steals 2nd base
1-0: Called Strike
1-1: Fly out, F8 (Line Drive, 8LD, EV 91.9 MPH)
Runner from 3rd tags up, SCORES, no throw by CF
Batting: RHB Zachary Sidney 0-0: Ball
1-0: Called Strike
1-1: Ground out 6-3 (Groundball, 56, EV 91.9 MPH)
Bottom of the 1st over - 3 runs, 1 hit, 0 errors, 1 left on base; Tri-City 4 - Mahoning Valley 3
TOP OF THE 2ND
Tri-City ValleyCats batting - Pitching for Mahoning Valley Scrappers : RHP Rafael Borja
Batting: LHB Lou Toth 0-0: Ball
1-0: Ball
2-0: Ball
3-0: Called Strike
3-1: Base on Balls
Batting: RHB Sam Spohn 0-0: Ball
Lou Toth steals 2nd base
1-0: Ball
Wild Pitch!
Lou Toth to third
2-0: Called Strike
2-1: Foul Ball, location: 2F
2-2: Ball
3-2: SINGLE (Line Drive, 78M, EV 110.6 MPH)
Lou Toth scores
Batting: RHB Ryan Salas 0-0: Ball
1-0: Ball
2-0: Ball
3-0: Base on Balls
Sam Spohn to second
Batting: RHB Chris McGrath 0-0: SINGLE (Groundball, 56D, EV 96.9 MPH)
Sam Spohn to third
Ryan Salas to second
Batting: RHB Masaru Konno 0-0: Foul Ball, location: 2F
Balk!
Sam Spohn scores
Ryan Salas to third
Chris McGrath to second
0-1: Foul Ball, location: 2F
0-2: Ball
1-2: Ground out 6-3 (Groundball, 6, EV 81.9 MPH)
Ryan Salas scores
Chris McGrath to third
Batting: LHB Jackson Trottier Balk!
Chris McGrath scores
Pitching: RHP Zach Robbins 0-0: Ball
1-0: Ground out 5-3 (Groundball, 15, EV 84.4 MPH)
Batting: RHB Jorge Gutierrez 0-0: Ball
1-0: Called Strike
1-1: Fly out, F8 (Line Drive, 8LM, EV 88.1 MPH)
Top of the 2nd over - 4 runs, 2 hits, 0 errors, 0 left on base; Tri-City 8 - Mahoning Valley 3
BOTTOM OF THE 2ND
Mahoning Valley Scrappers batting - Pitching for Tri-City ValleyCats : RHP Jon Davis
Batting: RHB David Young 0-0: SINGLE (Groundball, 6MD, EV 100.0 MPH)
Batting: RHB Nelson Trujillo 0-0: Grounds into double play, 4-6-3 (Groundball, 4, EV 110.6 MPH)
Batting: RHB Jorge Valles 0-0: Ball
1-0: Foul Ball, location: 2F
1-1: Called Strike
1-2: Foul Ball, location: 2F
1-2: Ball
2-2: Ball
3-2: Foul Ball, location: 2F
3-2: Foul Ball, location: 2F
3-2: Base on Balls
Batting: RHB Jonathan Underhill 0-0: Called Strike
Jorge Valles steals 2nd base
0-1: DOUBLE (Line Drive, 78D, EV 107.5 MPH)
Jorge Valles scores
Batting: RHB Mike Sims 0-0: SINGLE (Groundball, 56D, EV 106.2 MPH)
Jonathan Underhill to third
Runner from 3rd tries for Home, SAFE, throw by LF to home
Batting: SHB Charlie Diesel 0-0: Called Strike
0-1: Foul Ball, location: 2F
0-2: Ball
1-2: Ball
2-2: 2-RUN HOME RUN (Flyball, 89XD, EV 107.5 MPH), Distance : 405 ft
Batting: LHB Tommy Williams 0-0: Ground out 5-3 (Groundball, 56, EV 101.9 MPH)
Bottom of the 2nd over - 4 runs, 4 hits, 0 errors, 0 left on base; Tri-City 8 - Mahoning Valley 7
TOP OF THE 3RD
Tri-City ValleyCats batting - Pitching for Mahoning Valley Scrappers : RHP Zach Robbins
Batting: RHB Workneh Lagat 0-0: Ball
1-0: Ball
2-0: Fly out, F3 (Popup, 34, EV 60.6 MPH)
Batting: RHB Bobby Dunn 0-0: Called Strike
0-1: Ball
1-1: Foul Ball, location: 2F
1-2: Foul Ball, location: 2F
1-2: Ball
2-2: Ball
3-2: Fly out, F8 (Flyball, 89XD, EV 96.9 MPH)
Batting: LHB Lou Toth 0-0: Foul Ball, location: 2F
0-1: Ground out 5-3 (Groundball, 5, EV 104.4 MPH)
Top of the 3rd over - 0 runs, 0 hits, 0 errors, 0 left on base; Tri-City 8 - Mahoning Valley 7
BOTTOM OF THE 3RD
Mahoning Valley Scrappers batting - Pitching for Tri-City ValleyCats : RHP Jon Davis
Batting: RHB Santos Guadalupe 0-0: Ground out 6-3 (Groundball, 6, EV 81.2 MPH)
Batting: RHB Zachary Sidney 0-0: Fly out, F9 (Flyball, 89S, EV 88.8 MPH)
Batting: RHB David Young 0-0: Ground out 5-3 (Groundball, 56, EV 84.4 MPH)
Bottom of the 3rd over - 0 runs, 0 hits, 0 errors, 0 left on base; Tri-City 8 - Mahoning Valley 7
TOP OF THE 4TH
Tri-City ValleyCats batting - Pitching for Mahoning Valley Scrappers : RHP Zach Robbins
Batting: RHB Sam Spohn 0-0: Foul Ball, location: 2F
0-1: Ball
1-1: Foul Ball, location: 2F
1-2: Fly out, F8 (Flyball, 89S, EV 90.0 MPH)
Batting: RHB Ryan Salas 0-0: Ground out 6-3 (Groundball, P, EV 83.8 MPH)
Batting: RHB Chris McGrath 0-0: Foul Ball, location: 2F
0-1: Ball
1-1: Ball
2-1: Foul Ball, location: 2F
2-2: Ball
3-2: Base on Balls
Batting: RHB Masaru Konno 0-0: Called Strike
0-1: Called Strike
Chris McGrath steals 2nd base
0-2: Ball
1-2: Fly out, F7 (Flyball, 78D, EV 101.9 MPH)
Top of the 4th over - 0 runs, 0 hits, 0 errors, 1 left on base; Tri-City 8 - Mahoning Valley 7
BOTTOM OF THE 4TH
Mahoning Valley Scrappers batting - Pitching for Tri-City ValleyCats : RHP Jon Davis
Batting: RHB Nelson Trujillo 0-0: Ball
1-0: Bunted foul
1-1: DOUBLE (Line Drive, 7LS, EV 90.0 MPH)
Batting: RHB Jorge Valles 0-0: Ball
1-0: Ball
2-0: Called Strike
2-1: Called Strike
2-2: Ball
3-2: Base on Balls
Batting: RHB Jonathan Underhill 0-0: 3-RUN HOME RUN (Flyball, 78XD, EV 105.6 MPH), Distance : 425 ft
Pitching: RHP Scott Spillman
Batting: RHB Mike Sims 0-0: Ball
1-0: Foul Ball, location: 2F
1-1: Ball
2-1: Ground out 5-3 (Groundball, 56S, EV 68.8 MPH)
Batting: SHB Charlie Diesel 0-0: Called Strike
0-1: Ball
1-1: Foul Ball, location: 2F
1-2: Foul Ball, location: 2F
1-2: Fly out, F5 (Flyball, 5D, EV 89.4 MPH)
Batting: LHB Tommy Williams 0-0: Ball
1-0: Ball
2-0: Ball
3-0: Called Strike
3-1: Base on Balls
Batting: RHB Santos Guadalupe 0-0: Called Strike
0-1: Ball
1-1: Ball
Balk!
Tommy Williams to second
2-1: Foul Ball, location: 2F
2-2: Ball
3-2: SINGLE (Flyball, 56D, EV 93.1 MPH)
Tommy Williams to third
Runner from 3rd tries for Home, SAFE, throw by LF to home
Pitching: LHP T.J. Westover
Batting: RHB Zachary Sidney 0-0: Ball
Passed Ball!
Santos Guadalupe to second
1-0: Ball
2-0: SINGLE (Groundball, 4D, EV 103.1 MPH)
Santos Guadalupe to third
Runner from 3rd tries for Home, throw by CF and OUT! 8-2
Bottom of the 4th over - 4 runs, 4 hits, 0 errors, 1 left on base; Tri-City 8 - Mahoning Valley 11
TOP OF THE 5TH
Tri-City ValleyCats batting - Pitching for Mahoning Valley Scrappers : RHP Zach Robbins
Batting: LHB Jackson Trottier 0-0: Ball
1-0: Ball
2-0: Ball
3-0: Called Strike
3-1: Base on Balls
Batting: RHB Jorge Gutierrez 0-0: Fly out, F8 (Flyball, 8LD, EV 92.5 MPH)
Batting: RHB Workneh Lagat 0-0: Ball
1-0: Foul Ball, location: 2F
1-1: Ball
2-1: Called Strike
2-2: DOUBLE (Line Drive, 9LM, EV 106.9 MPH)
Jackson Trottier to third
Jackson Trottier scores
Batting: RHB Bobby Dunn 0-0: Called Strike
0-1: Ball
1-1: SINGLE (Popup, 56D, EV 64.4 MPH)
Workneh Lagat to third
Batting: LHB Lou Toth 0-0: Ball
1-0: Called Strike
1-1: DOUBLE (Flyball, 78XD, EV 98.8 MPH)
Workneh Lagat scores
Bobby Dunn to third
Batting: RHB Sam Spohn 0-0: Ball
1-0: Ball
2-0: Called Strike
2-1: Called Strike
2-2: Foul Ball, location: 2F
2-2: Ball
3-2: Base on Balls
Batting: RHB Ryan Salas 0-0: Ball
Wild Pitch!
Bobby Dunn scores
Lou Toth to third
Sam Spohn to second
1-0: Called Strike
1-1: Ball
2-1: Ball
3-1: Base on Balls
Pitching: RHP Richie Schraven
Batting: RHB Chris McGrath 0-0: Called Strike
0-1: Ball
1-1: Ball
2-1: Fielders Choice at 2nd, 4-6 (Groundball, 34, EV 101.9 MPH)
Lou Toth scores
Sam Spohn to third
Batting: RHB Masaru Konno 0-0: Ball
1-0: Foul Ball, location: 2F
Balk!
Sam Spohn scores
Chris McGrath to second
1-1: Ball
2-1: Ball
3-1: Ground out 5-3 (Groundball, 56S, EV 63.1 MPH)
Top of the 5th over - 5 runs, 3 hits, 0 errors, 1 left on base; Tri-City 13 - Mahoning Valley 11
BOTTOM OF THE 5TH
Mahoning Valley Scrappers batting - Pitching for Tri-City ValleyCats : LHP T.J. Westover
Batting: RHB David Young 0-0: Ball
1-0: Ball
2-0: Ground out 3-1 (Groundball, 34S, EV 85.0 MPH)
Batting: RHB Nelson Trujillo 0-0: Swinging Strike
0-1: Ball
1-1: Ground out 4-3 (Groundball, 4, EV 78.8 MPH)
Batting: RHB Jorge Valles 0-0: Ball
1-0: Ball
2-0: Called Strike
2-1: Called Strike
2-2: Ball
3-2: Strikes out swinging
Bottom of the 5th over - 0 runs, 0 hits, 0 errors, 0 left on base; Tri-City 13 - Mahoning Valley 11
TOP OF THE 6TH
Tri-City ValleyCats batting - Pitching for Mahoning Valley Scrappers : RHP Richie Schraven
Batting: LHB Jackson Trottier 0-0: Swinging Strike
0-1: Ball
1-1: Ball
2-1: Ball
3-1: Foul Ball, location: 2F
3-2: Base on Balls
Batting: RHB Jorge Gutierrez 0-0: Ball
1-0: Foul Ball, location: 2F
1-1: 2-RUN HOME RUN (Flyball, 89XD, EV 99.4 MPH), Distance : 405 ft
Batting: RHB Workneh Lagat 0-0: Ball
1-0: Ground out 6-3 (Groundball, 56D, EV 85.6 MPH)
Batting: RHB Bobby Dunn 0-0: Foul Ball, location: 2F
0-1: Ball
1-1: Called Strike
1-2: Ground out 5-3 (Groundball, 56, EV 91.2 MPH)
Batting: LHB Lou Toth 0-0: Ball
1-0: Ground out 4-3 (Groundball, 34D, EV 81.9 MPH)
Top of the 6th over - 2 runs, 1 hit, 0 errors, 0 left on base; Tri-City 15 - Mahoning Valley 11
BOTTOM OF THE 6TH
Mahoning Valley Scrappers batting - Pitching for Tri-City ValleyCats : LHP T.J. Westover
Batting: RHB Jonathan Underhill 0-0: Ball
1-0: Ball
2-0: Ball
3-0: Called Strike
3-1: DOUBLE (Line Drive, 78D, EV 99.4 MPH)
Batting: RHB Mike Sims 0-0: Ball
Jonathan Underhill steals 3rd base
1-0: SINGLE (Line Drive, 9LS, EV 91.9 MPH)
Jonathan Underhill scores
Batting: SHB Charlie Diesel 0-0: Called Strike
0-1: Hit by Pitch
Mike Sims to second
Batting: LHB Tommy Williams 0-0: Called Strike
0-1: Foul Ball, location: 2F
0-2: Strikes out swinging
Batting: RHB Santos Guadalupe 0-0: Called Strike
0-1: SINGLE (Line Drive, 8LS, EV 96.9 MPH)
Mike Sims to third
Charlie Diesel to second
Batting: RHB Zachary Sidney 0-0: DOUBLE (Line Drive, 8RD, EV 108.8 MPH)
Mike Sims scores
Charlie Diesel scores
Santos Guadalupe to third
Runner from 3rd tries for Home, SAFE, throw by CF to trailing runner, SAFE at third!
Batting: RHB David Young 0-0: Called Strike
0-1: Ball
1-1: Ball
2-1: TRIPLE (Flyball, 78XD, EV 108.1 MPH)
Zachary Sidney scores
Batting: RHB Nelson Trujillo 0-0: Hit by Pitch
Batting: RHB Jorge Valles 0-0: Fly out, F3 (Popup, 23, EV 93.1 MPH)
Batting: RHB Jonathan Underhill 0-0: Ball
1-0: Called Strike
Nelson Trujillo steals 2nd base
1-1: 3-RUN HOME RUN (Flyball, 78XD, EV 108.1 MPH), Distance : 425 ft
Pitching: RHP Jamie Jennings
Batting: RHB Mike Sims 0-0: Foul Ball, location: 2F
0-1: Foul Ball, location: 2F
0-2: Ball
1-2: Fly out, F8 (Flyball, 8LXD, EV 100.0 MPH)
Bottom of the 6th over - 8 runs, 6 hits, 0 errors, 0 left on base; Tri-City 15 - Mahoning Valley 19
TOP OF THE 7TH
Tri-City ValleyCats batting - Pitching for Mahoning Valley Scrappers : RHP Richie Schraven
Batting: RHB Sam Spohn 0-0: Ground out 5-3 (Groundball, 5S, EV 76.2 MPH)
Batting: RHB Ryan Salas 0-0: Called Strike
0-1: Ground out 5-3 (Groundball, 56S, EV 75.0 MPH)
Batting: RHB Chris McGrath 0-0: Ball
1-0: Foul Ball, location: 2F
1-1: Ball
2-1: Fly out, F6 (Popup, 6MD, EV 51.2 MPH)
Top of the 7th over - 0 runs, 0 hits, 0 errors, 0 left on base; Tri-City 15 - Mahoning Valley 19
BOTTOM OF THE 7TH
Mahoning Valley Scrappers batting - Pitching for Tri-City ValleyCats : RHP Jamie Jennings
Batting: SHB Charlie Diesel 0-0: Ball
1-0: Ball
2-0: Ball
3-0: Called Strike
3-1: Base on Balls
Batting: LHB Tommy Williams 0-0: Called Strike
Charlie Diesel steals 2nd base
0-1: Swinging Strike
0-2: Ground out 1-3 (Groundball, P, EV 76.2 MPH)
Charlie Diesel to third
Batting: RHB Santos Guadalupe 0-0: Ball
1-0: SINGLE (Groundball, 4MD, EV 108.1 MPH)
Charlie Diesel scores
Batting: RHB Zachary Sidney 0-0: Ball
1-0: Ground out 6-3 (Groundball, 6, EV 90.6 MPH)
Santos Guadalupe to second
Batting: RHB David Young 0-0: Foul Ball, location: 2F
0-1: Called Strike
0-2: Ground out 4-3 (Groundball, 4, EV 90.6 MPH)
Bottom of the 7th over - 1 run, 1 hit, 0 errors, 1 left on base; Tri-City 15 - Mahoning Valley 20
TOP OF THE 8TH
Tri-City ValleyCats batting - Pitching for Mahoning Valley Scrappers : RHP Richie Schraven
Batting: RHB Masaru Konno 0-0: Called Strike
0-1: SINGLE (Line Drive, 6M, EV 104.4 MPH)
Batting: LHB Jackson Trottier 0-0: Called Strike
0-1: Foul Ball, location: 2F
0-2: Ball
1-2: Foul Ball, location: 2F
1-2: Ball
2-2: Ball
Wild Pitch!
Masaru Konno to second
3-2: Foul Ball, location: 2F
3-2: SINGLE (Line Drive, 4D, EV 95.0 MPH)
Masaru Konno to third
Batting: RHB Jorge Gutierrez 0-0: Ball
1-0: Called Strike
1-1: SINGLE (Line Drive, 7S, EV 103.8 MPH)
Masaru Konno scores
Jackson Trottier to second
Batting: RHB Workneh Lagat 0-0: SINGLE (Line Drive, 78S, EV 105.0 MPH)
Jackson Trottier to third
Jorge Gutierrez to second
Pinch Hitting: LHB Bob Dietz 0-0: Fielders Choice at 2nd, 5-4 (Groundball, 5, EV 103.1 MPH)
Jackson Trottier scores
Jorge Gutierrez to third
Batting: LHB Lou Toth 0-0: Foul Ball, location: 2F
0-1: Foul Ball, location: 2F
0-2: Ball
1-2: Ball
2-2: Ball
3-2: Base on Balls
Bob Dietz to second
Batting: RHB Sam Spohn 0-0: Ball
1-0: Called Strike
1-1: GRAND SLAM HOME RUN (Line Drive, 7LD, EV 93.1 MPH), Distance : 344 ft
Pitching: RHP Allen Wozniak
Batting: RHB Ryan Salas 0-0: Ball
1-0: Called Strike
1-1: Called Strike
1-2: Ball
2-2: Ground out 5-3 (Groundball, 56S, EV 85.6 MPH)
Batting: RHB Chris McGrath 0-0: Ground out 4-3 (Groundball, 4M, EV 103.1 MPH)
Top of the 8th over - 6 runs, 5 hits, 0 errors, 0 left on base; Tri-City 21 - Mahoning Valley 20
BOTTOM OF THE 8TH
Mahoning Valley Scrappers batting - Pitching for Tri-City ValleyCats : RHP Jamie Jennings
Now in LF: Jordan Williams
Pinch Hitting: LHB Casper Kersten 0-0: Ball
1-0: Called Strike
1-1: Ball
2-1: Foul Ball, location: 2F
2-2: Hit by Pitch
Batting: RHB Jorge Valles 0-0: Ball
1-0: Ball
2-0: Ball
3-0: Base on Balls
Casper Kersten to second
Batting: RHB Jonathan Underhill 0-0: Called Strike
0-1: Ball
1-1: Ball
2-1: Ball
Wild Pitch!
Casper Kersten to third
Jorge Valles to second
3-1: Foul Ball, location: 2F
3-2: Base on Balls
Batting: RHB Mike Sims 0-0: DOUBLE (Flyball, 3D, EV 95.6 MPH)
Casper Kersten scores
Jorge Valles scores
Jonathan Underhill to third
Batting: SHB Charlie Diesel 0-0: Ball
1-0: SINGLE (Groundball, 34D, EV 99.4 MPH)
Jonathan Underhill scores
Mike Sims to third
Runner from 3rd tries for Home, SAFE, throw by RF to home
Batting: LHB Tommy Williams 0-0: Foul Ball, location: 2F
0-1: Called Strike
0-2: Fielders Choice at 2nd, 4-6 (Groundball, 4, EV 110.0 MPH)
Batting: RHB Santos Guadalupe 0-0: Called Strike
Tommy Williams steals 2nd, throwing error, E2
Tommy Williams to third
0-1: Called Strike
0-2: Fly out, F7 (Line Drive, 7D, EV 95.6 MPH)
Batting: RHB Zachary Sidney 0-0: Ball
1-0: Called Strike
1-1: Ball
2-1: Called Strike
2-2: Strikes out swinging
Bottom of the 8th over - 4 runs, 2 hits, 1 error, 1 left on base; Tri-City 21 - Mahoning Valley 24
TOP OF THE 9TH
Tri-City ValleyCats batting - Pitching for Mahoning Valley Scrappers : RHP Allen Wozniak
Now in CF: John Gernaat
Batting: RHB Masaru Konno 0-0: Ball
1-0: SINGLE (Flyball, 56D, EV 92.5 MPH)
Batting: LHB Jackson Trottier 0-0: Ball
1-0: Ball
2-0: Ball
3-0: Called Strike
3-1: Swinging Strike
3-2: Fly out, F7 (Flyball, 78D, EV 91.2 MPH)
Batting: RHB Jorge Gutierrez 0-0: Ball
1-0: Called Strike
1-1: Ball
2-1: Ball
3-1: Foul Ball, location: 2F
3-2: Base on Balls
Masaru Konno to second
Batting: RHB Workneh Lagat 0-0: Fielders Choice at 2nd, 3-6 (Groundball, 3, EV 85.0 MPH)
Masaru Konno to third
Batting: RHB Jordan Williams 0-0: SINGLE (Groundball, 4MD, EV 99.4 MPH)
Masaru Konno scores
Workneh Lagat to second
Batting: LHB Lou Toth 0-0: Foul Ball, location: 2F
0-1: Fly out, F9 (Flyball, 9S, EV 76.2 MPH)
Top of the 9th over - 1 run, 2 hits, 0 errors, 2 left on base; Tri-City 22 - Mahoning Valley 24
Wednesday, June 22nd , 2022 - OOTP Baseball 23.4 Build 64